Map: Ice and Chrome LE

Players

uwuThermal (uThermal) - Winner!

  • Race: Terran Terran
  • League: Grandmaster
  • Spawn Location: 1:00

Kas

  • Race: Terran Terran
  • League: Grandmaster
  • Spawn Location: 7:00

Event: DreamHack SC2 Masters 2020 Fall

VOD

Have the link to the VOD?

Description

Time

  • Played on: Sept. 4, 2020, 12:01 p.m.
  • Length: 21:27

All games in this series

Show
View Real Time Build Order
Export as new Build Order

uwuThermal Terran - Winner!

Build Orders: Reaper Expand, Mech 

Get SALT Encoding   

  12  0:00  SCV  
  13  0:12  SCV  
  14  0:16  Supply Depot  
  14  0:24  SCV  
  15  0:38  SCV  
  15  0:39  Barracks  
  16  0:43  Refinery  
  16  0:50  SCV  
  17  1:02  SCV  
  18  1:14  SCV  
  19  1:27  Reaper, Orbital Command  
  20  1:45  Command Center  
  20  1:51  Supply Depot  
  20  1:54  SCV  
  21  1:59  Marine  
  22  2:06  SCV  
  23  2:12  Factory  
  23  2:19  SCV, Bunker  
  24  2:23  Barracks Reactor  
  24  2:31  SCV  
  24  2:32  Refinery  
  25  2:43  SCV  
  25  2:55  SCV  
  25  2:56  Hellion  
  25  2:57  Starport  
  25  2:58  Orbital Command  
  28  3:01  Marine  
  29  3:05  Marine  
  29  3:08  SCV  
  31  3:18  Factory Tech Lab  
  31  3:19  Orbital Command, Marine  
  32  3:20  SCV  
  32  3:23  Marine  
  34  3:32  SCV  
  35  3:37  Marine  
  35  3:39  Cyclone  
  39  3:41  Marine  
  39  3:45  Starport Tech Lab  
  39  3:46  SCV  
  40  3:54  SCV  
  40  3:55  Marine  
  42  3:59  Marine  
  42  4:00  Supply Depot  
  42  4:01  SCV  
  42  4:10  SCV  
  42  4:13  Marine  
  42  4:16  SCV  
  45  4:21  Command Center  
  45  4:22  Raven  
  47  4:25  SCV, Supply Depot  
  47  4:29  Refinery  
  48  4:37  SCV, Siege Tank  
  53  4:38  SCV  
  53  4:42  Refinery  
  53  4:44  Marine  
  54  4:47  Marine  
  54  4:51  SCV  
  54  4:52  Supply Depot  
  56  4:54  SCV  
  57  5:01  Supply Depot  
  57  5:04  Raven  
  57  5:05  SCV  
  57  5:06  SCV  
  61  5:08  Marine  
  61  5:13  Marine  
  63  5:14  Siege Tank  
  63  5:19  SCV x2  
  68  5:24  Supply Depot  
  68  5:27  Marine  
  69  5:31  SCV, Marine  
  69  5:32  SCV  
  72  5:35  Orbital Command  
  72  5:43  SCV  
  72  5:44  SCV  
  72  5:47  Raven, Siege Tank  
  72  5:49  Marine  
  80  5:50  Marine  
  80  5:56  SCV x2  
  83  5:57  Engineering Bay  
  83  6:06  Orbital Command  
  83  6:08  SCV x2, Marine x2  
  85  6:20  SCV x2  
  85  6:21  Siege Tank  
  90  6:31  Refinery  
  90  6:32  SCV x2, Supply Depot, Refinery  
  92  6:37  SCV, Factory x2  
  93  6:40  Barracks Reactor  
  93  6:43  Viking x2  
  93  6:45  SCV  
  98  6:47  SCV  
  98  6:48  Supply Depot  
  98  6:50  SCV  
  100  6:55  Siege Tank  
  100  6:57  SCV  
  100  6:59  SCV, Supply Depot  
  105  7:02  SCV  
  106  7:11  SCV  
  106  7:13  Armory  
  106  7:15  Armory, Viking, Supply Depot  
  109  7:20  SCV  
  112  7:23  SCV  
  112  7:24  SCV  
  112  7:28  Siege Tank x2  
  112  7:29  Hellion  
  122  7:31  Hellion  
  122  7:34  SCV  
  122  7:35  Supply Depot  
  122  7:36  SCV  
  125  7:42  Mag-Field Accelerator  
  124  7:45  SCV  
  124  7:47  Factory x2  
  124  7:49  SCV  
  124  7:50  SCV  
  125  7:52  Command Center  
  125  7:57  SCV  
  126  8:02  Cyclone x2  
  126  8:05  Terran Vehicle Weapons Level 1, Terran Vehicle And Ship Armor Level 1  
  132  8:07  Supply Depot  
  132  8:08  Hellion  
  132  8:11  SCV  
  135  8:20  Command Center  
  135  8:21  Supply Depot  
  135  8:31  Supply Depot  
  135  8:32  Factory Tech Lab x2  
  135  8:34  Cyclone x2  
  135  8:35  Hellion  
  130  8:41  SCV  
  131  8:52  Cyclone x2  
  123  9:00  Hellion  
  123  9:01  Hellion  
  126  9:03  SCV x2  
  126  9:07  Cyclone x2  
  134  9:17  SCV x2  
  134  9:20  Liberator x2  
  134  9:22  Smart Servos, Infernal Pre-Igniter  
  134  9:23  SCV  
  139  9:24  Cyclone  
  139  9:29  SCV  
  139  9:30  Missile Turret  
  141  9:32  Hellion, Cyclone, Missile Turret  
  141  9:36  SCV  
  147  9:41  Cyclone x2, Refinery  
  147  9:44  SCV  
  147  9:45  Orbital Command, Refinery  
  154  9:48  SCV  
  154  9:49  Missile Turret  
  155  9:57  SCV x2, Refinery  
  155  9:58  Refinery  
  157  10:01  Missile Turret  
  157  10:06  Cyclone x2  
  163  10:10  SCV  
  164  10:15  Cyclone x2  
  164  10:16  Missile Turret  
  164  10:19  Planetary Fortress  
  164  10:20  SCV x3  
  173  10:22  SCV, Hellion x2  
  173  10:26  Supply Depot  
  173  10:28  Viking x2  
  182  10:32  SCV  
  184  10:35  SCV  
  184  10:36  SCV  
  184  10:39  Starport  
  184  10:40  Starport  
  185  10:44  Cyclone  
  185  10:45  Cyclone  
  185  10:49  Command Center  
  191  10:56  Cyclone  
  195  10:57  Hellion  
  192  11:05  Cyclone  
  192  11:07  Viking x2  
  192  11:11  Terran Vehicle Weapons Level 2, Terran Vehicle And Ship Armor Level 2  
  199  11:16  Cyclone  
  199  11:19  Starport Tech Lab x2  
  199  11:21  Command Center  
  199  11:32  SCV  
  200  11:35  Command Center  
  200  11:38  Corvid Reactor  
  200  11:41  Command Center  
  200  11:50  Raven  
  200  11:51  Raven  
  200  11:52  Viking x2  
  194  11:54  Siege Tank x2  
  194  12:00  Orbital Command  
  198  12:22  Factory x2  
  198  12:23  Factory  
  195  12:33  Raven  
  195  12:36  Raven  
  199  12:48  Starport  
  199  12:49  Starport  
  199  12:57  Orbital Command  
  199  12:58  Command Center  
  199  13:00  Command Center  
  199  13:02  Command Center  
  199  13:03  Planetary Fortress  
  199  13:05  Command Center  
  199  13:13  Factory Reactor, Factory Tech Lab x2  
  199  13:17  Viking x2, Raven  
  199  13:18  Cyclone  
  199  13:19  Cyclone x2, Missile Turret  
  199  13:33  Viking x3  
  193  13:41  Cyclone  
  191  13:54  Viking x2  
  191  13:55  Cyclone  
  195  14:00  Raven  
  197  14:03  Raven  
  194  14:12  Orbital Command  
  194  14:14  Viking  
  193  14:19  Orbital Command x2  
  193  14:21  Viking  
  195  14:24  Viking x2, Terran Ship Weapons Level 1, Terran Vehicle And Ship Armor Level 3  
  199  14:34  Cyclone  
  198  14:43  Raven  
  199  14:53  Cyclone  
  196  15:03  Cyclone  
  199  15:09  SCV  
  195  15:15  Cyclone  
  195  15:18  Cyclone  
  195  15:19  Viking x2, Cyclone  
  165  15:23  Cyclone  
  165  15:24  Hellion x2  
  165  15:25  SCV x2, Cyclone  
  165  15:26  SCV x3, Refinery  
  165  15:27  Refinery  
  179  15:35  Planetary Fortress, Cyclone  
  184  15:36  SCV x2, Missile Turret  
  184  15:37  Missile Turret x2  
  184  15:41  Raven x2  
  184  15:42  Starport Tech Lab  
  190  15:44  Starport Tech Lab  
  190  15:47  Cyclone  
  191  15:50  Cyclone  
  191  15:54  Refinery  
  191  15:55  Refinery  
  191  15:56  Missile Turret x2  
  194  16:01  Cyclone  
  194  16:02  Cyclone  
  200  16:21  Command Center  
  197  16:52  Raven  
  190  17:02  Cyclone  
  190  17:03  Viking  
  194  17:22  Raven  
  181  17:34  Cyclone  
  181  17:35  SCV  
  181  17:36  SCV, Orbital Command  
  153  17:40  Raven  
  153  17:41  Cyclone  
  153  17:43  SCV  
  147  17:45  Cyclone x4  
  147  17:49  Viking x2  
  147  17:51  Hellion x2  
  163  17:53  SCV  
  163  17:55  SCV, Missile Turret  
  165  18:01  Raven x2  
  165  18:03  Hellion x2, Command Center  
  165  18:04  SCV  
  165  18:05  Command Center, Orbital Command  
  174  18:06  Cyclone  
  174  18:10  Terran Vehicle Weapons Level 3, Terran Ship Weapons Level 2  
  174  18:11  Neosteel Armor  
  177  18:13  Cyclone  
  177  18:14  Hellion x2  
  177  18:17  Cyclone x3  
  177  18:18  Cyclone  
  196  18:21  SCV  
  199  18:27  Hellion  
  199  18:29  SCV  
  198  18:39  Cyclone  
  186  19:04  Cyclone x2  
  186  19:06  Viking x3  
  186  19:07  Viking x2  
  200  19:15  Cyclone  
  193  19:25  Cyclone x2  
  193  19:29  Raven  
  195  19:39  Command Center  
  195  19:40  Command Center  
  195  19:42  Command Center, Orbital Command  
  195  19:44  Cyclone x2  
  198  19:46  Raven  
  198  19:51  Hi-Sec Auto Tracking  
  198  20:16  Cyclone  
  199  20:28  Command Center x2  
  197  20:41  Cyclone  
  197  20:42  Cyclone  
  198  20:43  Cyclone  
  198  20:44  Cyclone  
Show
View Real Time Build Order
Export as new Build Order

Kas Terran 

Build Orders: Mech 

Get SALT Encoding   

  12  0:00  SCV  
  13  0:12  SCV  
  14  0:17  Supply Depot  
  14  0:24  SCV  
  15  0:28  Refinery  
  15  0:39  SCV  
  16  0:46  Barracks  
  16  0:51  SCV  
  16  0:56  Refinery  
  17  1:03  SCV  
  18  1:15  SCV  
  19  1:33  Orbital Command  
  19  1:35  Factory  
  19  1:36  Reaper  
  20  1:57  Supply Depot  
  20  2:00  SCV  
  21  2:08  Reaper  
  22  2:12  SCV  
  23  2:19  Hellion  
  25  2:24  SCV  
  26  2:31  Command Center  
  26  2:36  SCV  
  27  2:40  Reaper  
  27  2:42  Hellion  
  30  2:47  Supply Depot  
  31  2:51  SCV  
  31  2:58  Starport  
  31  3:05  Factory Tech Lab  
  31  3:09  SCV  
  32  3:21  SCV  
  32  3:25  Cyclone  
  36  3:30  Refinery  
  36  3:33  SCV  
  36  3:34  Starport Tech Lab  
  37  3:45  Orbital Command  
  32  3:51  SCV  
  33  3:58  Raven  
  33  3:59  Siege Tank  
  38  4:03  SCV  
  38  4:09  Command Center  
  39  4:15  SCV  
  39  4:16  SCV  
  39  4:20  Refinery  
  39  4:27  SCV  
  39  4:28  SCV  
  41  4:34  Siege Tank  
  44  4:39  SCV  
  44  4:40  SCV  
  44  4:45  Raven  
  48  4:51  SCV  
  48  4:52  SCV  
  50  4:53  Supply Depot  
  50  4:58  Barracks Reactor  
  50  5:03  SCV  
  50  5:04  SCV  
  52  5:12  Supply Depot  
  52  5:14  Siege Tank  
  52  5:15  SCV  
  52  5:16  SCV  
  57  5:21  Orbital Command  
  57  5:27  Factory  
  57  5:28  SCV  
  58  5:29  SCV  
  58  5:33  Factory  
  59  5:40  Viking x2, SCV  
  59  5:41  SCV  
  65  5:43  Barracks Reactor  
  65  5:45  Supply Depot  
  65  5:47  Engineering Bay  
  65  5:48  Orbital Command  
  65  5:50  Siege Tank  
  65  5:52  SCV  
  65  5:54  SCV  
  71  6:04  SCV  
  71  6:06  SCV  
  71  6:07  Supply Depot  
  71  6:09  Viking  
  71  6:10  Viking  
  76  6:15  SCV  
  76  6:16  SCV  
  78  6:20  SCV  
  79  6:27  SCV, Supply Depot  
  79  6:28  Siege Tank  
  79  6:30  Hellion x2, Refinery, Siege Tank  
  90  6:33  SCV  
  90  6:34  Missile Turret, Refinery  
  90  6:36  SCV, Infernal Pre-Igniter  
  90  6:39  SCV  
  93  6:41  Viking  
  93  6:46  SCV  
  96  6:48  Viking  
  96  6:51  SCV  
  99  6:54  Supply Depot  
  99  6:56  SCV, Supply Depot  
  99  6:57  Supply Depot  
  99  6:58  Hellion  
  102  7:02  Hellion  
  102  7:03  SCV  
  102  7:07  SCV  
  106  7:09  Siege Tank  
  109  7:16  SCV  
  109  7:18  Supply Depot  
  109  7:20  Supply Depot  
  109  7:21  Viking x2  
  114  7:25  SCV x2  
  116  7:32  SCV, Starport  
  116  7:34  Factory Reactor  
  118  7:37  SCV, Siege Tank  
  118  7:42  SCV  
  118  7:44  SCV  
  123  7:45  Command Center  
  123  7:48  Supply Depot  
  123  7:49  SCV, Supply Depot  
  124  7:51  Armory  
  124  7:55  Armory, Siege Tank  
  124  7:58  SCV  
  128  8:02  Viking  
  128  8:04  Viking  
  129  8:08  SCV x2  
  129  8:11  Liberator  
  129  8:12  Liberator  
  137  8:14  Hellion  
  137  8:15  SCV  
  140  8:20  SCV x2  
  140  8:21  Hellion  
  140  8:22  Siege Tank  
  140  8:24  Supply Depot  
  140  8:26  Supply Depot  
  147  8:27  SCV  
  147  8:32  SCV x2  
  147  8:34  Viking x2  
  154  8:39  SCV  
  132  8:54  Siege Tank x2  
  132  8:56  Viking  
  132  9:00  Planetary Fortress  
  132  9:03  SCV x2  
  132  9:05  Viking  
  132  9:06  Hellion x2  
  140  9:13  SCV  
  140  9:16  Viking x2  
  145  9:23  SCV  
  144  9:25  Refinery  
  144  9:28  Terran Vehicle Weapons Level 1, Refinery, Terran Vehicle And Ship Armor Level 1, SCV  
  144  9:29  SCV  
  146  9:35  SCV  
  146  9:38  Siege Tank  
  150  9:39  Hellion x2  
  150  9:40  SCV  
  150  9:44  Command Center  
  150  9:45  Siege Tank  
  158  9:46  Command Center  
  158  9:49  Factory  
  158  9:54  Factory  
  158  9:59  Supply Depot  
  158  10:01  Hellion x2  
  158  10:08  Smart Servos  
  158  10:11  Siege Tank  
  161  10:17  Siege Tank  
  164  10:33  Factory Tech Lab  
  164  10:38  Factory Tech Lab  
  164  10:39  Hellion x2  
  168  10:43  Siege Tank  
  168  10:44  Sensor Tower  
  168  10:49  Siege Tank  
  167  11:00  Command Center x2  
  167  11:03  Missile Turret  
  162  11:11  Command Center  
  162  11:12  SCV, Command Center  
  162  11:20  Missile Turret  
  162  11:22  Siege Tank x2  
  162  11:23  Missile Turret, Siege Tank x2  
  162  11:24  Hellion x2  
  162  11:25  SCV  
  179  11:34  Sensor Tower  
  179  11:46  Hellion  
  173  11:54  Siege Tank x2  
  170  11:55  Siege Tank x2  
  170  11:56  Terran Vehicle Weapons Level 2  
  170  11:57  Terran Vehicle And Ship Armor Level 2  
  170  12:00  Liberator x2  
  185  12:16  SCV  
  185  12:19  Orbital Command  
  186  12:23  Refinery  
  186  12:25  Refinery, Orbital Command  
  186  12:26  Orbital Command, Siege Tank  
  186  12:29  Siege Tank  
  191  12:30  Siege Tank  
  191  12:39  Missile Turret, Siege Tank  
  191  12:43  Planetary Fortress  
  192  12:48  Missile Turret  
  192  12:58  Siege Tank  
  195  13:00  Refinery  
  195  13:01  Refinery  
  195  13:12  Missile Turret  
  195  13:14  Viking x2, Fusion Core  
  195  13:18  Orbital Command  
  192  13:41  Siege Tank x2  
  192  13:44  Viking  
  186  14:14  Viking x4  
  194  14:18  Terran Ship Weapons Level 1, Terran Vehicle And Ship Armor Level 3  
  194  14:19  Starport x2  
  194  14:26  Command Center x2  
  191  14:40  Starport  
  191  14:42  Starport, Siege Tank x2  
  191  14:43  Siege Tank  
  200  14:45  Orbital Command  
  196  15:01  Siege Tank  
  189  15:14  Siege Tank  
  189  15:16  Siege Tank x2  
  189  15:19  Viking x2  
  189  15:21  Viking x5  
  171  15:24  Hellion x2  
  171  15:25  Viking  
  173  15:33  Siege Tank  
  176  15:41  SCV x5  
  181  15:45  Hellion x2  
  181  15:46  Siege Tank  
  181  15:49  Viking x2, Orbital Command  
  192  15:55  Command Center  
  192  16:02  Command Center, Thor  
  198  16:07  Planetary Fortress  
  198  16:08  Refinery  
  198  16:10  Refinery  
  198  16:11  Starport Tech Lab x4  
  198  16:12  Terran Vehicle Weapons Level 3  
  198  17:00  Raven x2  
  198  17:01  Raven  
  199  17:17  Planetary Fortress  
  192  17:27  Siege Tank  
  192  17:28  Siege Tank  
  169  17:41  Siege Tank x2  
  169  17:42  Viking x2  
  169  17:44  Viking x4  
  160  17:45  Hellion x2  
  161  17:53  SCV  
  161  17:55  Refinery  
  161  17:56  Refinery, Orbital Command  
  161  17:57  Command Center  
  156  17:59  Siege Tank  
  156  18:00  Hellion  
  156  18:01  SCV x2  
  156  18:02  SCV  
  156  18:03  Command Center  
  164  18:07  Hellion  
  164  18:10  Factory x2  
  164  18:12  Factory  
  166  18:13  Siege Tank x2  
  166  18:14  Factory  
  166  18:16  Hellion  
  166  18:18  Advanced Ballistics  
  174  18:21  Siege Tank  
  174  18:26  Viking x2  
  178  18:28  Hellion  
  178  18:32  Siege Tank  
  183  18:40  Raven x4  
  158  18:41  Viking x2  
  183  18:45  SCV, Refinery  
  188  18:51  Missile Turret x2  
  188  18:52  Missile Turret  
  168  19:05  Siege Tank x2  
  168  19:06  Factory Tech Lab x2  
  168  19:09  Hellion x3  
  151  19:27  Siege Tank  
  151  19:28  Hellion x2, Siege Tank  
  151  19:31  Hellion  
  157  19:34  Siege Tank  
  157  19:35  Hellion  
  157  19:36  Viking x3  
  157  19:37  Viking, Siege Tank  
  157  19:38  Siege Tank  
  166  19:49  Hellion, Siege Tank  
  166  19:51  Planetary Fortress  
  166  19:52  Hellion  
  173  19:57  Hellion, Missile Turret  
  173  19:58  Missile Turret  
  177  20:00  Hellion x2  
  177  20:04  Missile Turret  
  177  20:05  Missile Turret  
  179  20:10  Viking x3  
  160  20:22  Siege Tank x2  
  164  20:31  Factory  
  164  20:33  Missile Turret  
  164  20:34  Missile Turret, Siege Tank x2  
  170  20:36  Missile Turret  
  165  20:45  Siege Tank  
  170  20:50  Hellion x2, Siege Tank  
  170  20:54  Siege Tank  
  170  20:55  Hellion  

Tags
 
Add a new tag
Caveats
  • Supply blocks, unpowered buildings, or Contaminate may cause inaccurate times.
  • Supply counts are checked every 10 seconds.